 Dungeon Crawl Stone Soup version 0.32-a0-834-geaf45d8e21 (webtiles) character file.

Game seed: 12080422883406787165

122 Ruich the Sneak (level 4, -4/24 HPs)
             Began as a Vampire Enchanter on Mar 25, 2024.
             Slain by a goblin
             ... wielding a +0 club
             ... led by Robin
              (6 damage)
             ... on level 4 of the Dungeon.
             The game lasted 00:12:28 (3506 turns).

Ruich the Sneak (Vampire Enchanter)                 Turns: 3506, Time: 00:12:28

Health: -4/24      AC:  6    Str:  7    XL:     4   Next: 78%
Magic:  6/8        EV: 11    Int: 17    God:
Gold:   171        SH:  0    Dex: 16    Spells: 0/8 levels left

rFire   . . .        o - +2 short sword (elec)
rCold   + + .        (no shield)
rNeg    + + +        b - +0 robe
rPois   ∞            k - +0 helmet
rElec   .            (no cloak)
rCorr   .            (no gloves)
SInv    +            j - +2 pair of boots
Will    .....        (no amulet)
Stlth   +++++        (no ring)
HPRegen 0.00/turn    (no ring)
MPRegen 0.11/turn

%: no passive effects
@: bloodless, inhibited regen, invisible
A: bloodless, fangs 3, see invisible, vampiric 2
a: Bat Form, Revivify


You were on level 4 of the Dungeon.
You visited 1 branch of the dungeon, and saw 4 of its levels.

You collected 171 gold pieces.


Innate Abilities, Weirdness & Mutations

You do not regenerate when monsters are visible.
You are frail without blood (-20% HP).
You can heal yourself when you bite living creatures.
You are immune to poison.
You have razor-sharp teeth.
You have supernaturally acute eyesight. (SInv)
You are afflicted with vampirism and can become a bat while bloodless.


   Skills:
 * Level 3.3 Short Blades
 - Level 2.1 Dodging
 + Level 5.5 Stealth
 + Level 2.7 Spellcasting
 + Level 5.2 Hexes


You couldn't memorise any spells.
You knew the following spells:

 Your Spells              Type           Power      Damage    Failure   Level
c - Confusing Touch       Hex            20%        N/A       6%          3
d - Tukima's Dance        Hex            20%        N/A       6%          3
e - Ensorcelled Hibernat  Hex/Ice        22%        N/A       10%         2

Your spell library contained the following spells:

 Spells                   Type           Power      Damage    Failure   Level
 Jinxbite                 Hex            40%        N/A       3%          2
 Sigil of Binding         Hex            20%        N/A       6%          3
 Apportation              Tloc           4%         N/A       19%         1
 Dazzling Flash           Conj/Hex       22%        N/A       19%         3
 Lesser Beckoning         Tloc           4%         N/A       26%         2
 Call Canine Familiar     Summ           2%         N/A       47%         3
 Fugue of the Fallen      Necr           2%         N/A       47%         3
 Gell's Gravitas          Tloc           2%         N/A       47%         3
 Ozocubu's Armour         Ice            2%         N/A       47%         3
 Teleport Other           Tloc           2%         N/A       47%         3
 Dimensional Bullseye     Hex/Tloc       5%         N/A       52%         4
 Manifold Assault         Tloc           2%         N/A       87%         4
 Alistair's Intoxication  Alch           1%         N/A       99%         5

Inventory:

Hand Weapons
 a - a +1 dagger
 o - a +2 short sword of electrocution (weapon)
 w - a +0 long sword
Missiles
 f - 4 boomerangs (quivered)
Armour
 b - a +0 robe (worn)
 j - a +2 pair of boots (worn)
 k - a +0 helmet (worn)
Wands
 s - a wand of flame (20)
Scrolls
 e - a scroll of torment {unknown}
 g - 2 scrolls of blinking {unknown}
 h - 5 scrolls of identify {unknown}
 i - a scroll of poison {unknown}
 n - a scroll of vulnerability {unknown}
 r - a scroll of revelation {unknown}
 v - a scroll of silence {unknown}
Potions
 c - a potion of invisibility
 d - 2 potions of mutation {unknown}
 l - 3 potions of might {unknown}
 m - 3 potions of lignification {unknown}
 p - a potion of heal wounds {unknown}
 q - 2 potions of curing {unknown}
 t - a potion of berserk rage {unknown}
 u - a potion of enlightenment {unknown}
 x - a potion of brilliance {unknown}

Dungeon Overview and Level Annotations

Branches:
Dungeon (4/15) Zot: 20508
 Temple: D:4-7

Altars:
Ashenzari

Shops:
D:3

:*:(* .........# ##....)##
......g.g## ##......##
..........## ##........###
...........# ##...........#
.....g.....## ##............#
.........g..# #............##
............#
####...........##
/...........###g.............#
gg...........ggg@...........##
..............gg...........##
..............##..........##
............####........###
..........## #...####.##
.......... #..## ### .....#...
....# #####.. ....## ## .....


You could see a hobgoblin (strong, unable to see you) and 5 goblins.


Message History

Okay, then.
Casting: Tukima's Dance (quite dangerous; 6% risk of failure)
Confirm with . or Enter, or press ? or * to list all spells.
Your hands begin to glow red.
A goblin comes into view. It is wielding a +0 dagger.
Unknown command.
You hit the goblin but do no damage.
The goblin appears confused.
The goblin is moderately wounded.
You hit Robin but do no damage. You bite Robin, but do no damage.
You hit Robin but do no damage. Lightning courses through Robin!
Robin is severely wounded.
Robin says, "My army is invincible!"
Robin hits you with a +4 short sword of venom.
* * * LOW HITPOINT WARNING * * *
The goblin misses you.
You hit Robin.
You kill Robin!
You hit the goblin.
The goblin is severely wounded.
The goblin barely misses the hobgoblin.
You hit the goblin.
You kill the goblin!
You barely miss the goblin.
The goblin is severely wounded.
* * * LOW HITPOINT WARNING * * *
* * * LOW HITPOINT WARNING * * *
You fade into invisibility!
The goblin closely misses you.
The goblin unwields a +0 dagger.
The goblin wields a +1 heavy sling.
The goblin shoots a sling bullet.
You die...

Skill      XL: |  1  2  3  4 |
---------------+-------------+-----
Short Blades   | 2 3 |  3.3
Stealth        | 5 |  5.5
Hexes          | 5 |  5.2
Dodging        | |  2.1
Spellcasting   | |  2.7

Action                     |  1- 3 |  4- 6 || total
---------------------------+-------+-------++-------
  Melee: Dagger            |    99 |       ||    99
         Bite              |     4 |     4 ||     8
         Short sword       |    20 |    53 ||    73
  Throw: Boomerang         |     7 |       ||     7
   Cast: Ensorcelled Hiber |     8 |     1 ||     9
         Confusing Touch   |     4 |     4 ||     8
Ability: Exsanguinate      |       |     1 ||     1
    Use: Potion            |       |     1 ||     1
   Stab: Sleeping          |    14 |     6 ||    20
         Confused          |     1 |     1 ||     2
 Armour: Robe              |    76 |    16 ||    92
  Dodge: Dodged            |    76 |    20 ||    96

Levels and vault maps discovered:
D:1:      dpeg_arrival_erosion, layout_rooms, minmay_misc_feat_cross,
          minmay_strange_pillars
D:2:      layout_basic, minmay_pentomino_u4
D:3:      layout_basic, serial_shops, nicolae_shop_behind_doors,
          nicolae_shop_hallway_plus, shop, nicolae_shop_window_shopping,
          nicolae_lakefront_shop
D:4:      layout_cave_pods, overflow_temple_1_default, trog_book,
          gup_ossuary_entry_pyramid, uniq_menkaure, uniq_eustachio, uniq_robin

Notes
Turn   | Place    | Note
-------+----------+-------------------------------------------
     0 | D:1      | Ruich the Vampire Enchanter began the quest for the Orb.
     0 | D:1      | Reached XP level 1. HP: 13/13 MP: 3/3
   251 | D:1      | Reached XP level 2. HP: 12/19 MP: 5/5
   454 | D:1      | Learned a level 2 spell: Ensorcelled Hibernation
   557 | D:1      | Reached skill level 2 in Short Blades
   881 | D:2      | Gained mutation: You are afflicted with vampirism and can
                  | become a bat while bloodless. [Vampire growth]
   881 | D:2      | Reached XP level 3. HP: 6/24 MP: 1/6
  1263 | D:2      | Reached skill level 5 in Stealth
  1269 | D:2      | Learned a level 3 spell: Confusing Touch
  1969 | D:2      | Reached skill level 5 in Hexes
  2174 | D:2      | Reached XP level 4. HP: 9/30 MP: 3/7
  2588 | D:3      | Reached skill level 3 in Short Blades
  2807 | D:3      | Learned a level 3 spell: Tukima's Dance
  2839 | D:3      | Found Sikeann's Antique Weapon Shoppe.
  2868 | D:3      | Found Urifaem's Assorted Antiques.
  2927 | D:3      | Found Unabaam's Book Shop.
  3043 | D:3      | Found Ucexzoic's Book Shoppe.
  3255 | D:3      | Found Sumemmet's General Store.
  3413 | D:4      | Found a broken altar of Ashenzari.
  3488 | D:4      | Noticed Robin
  3501 | D:4      | Killed Robin
  3505 | D:4      | HP: 2/24 [goblin/+0 club[Robin] (4)]
  3506 | D:4      | Slain by a goblin

Vanquished Creatures
  Robin (D:4)
  3 adders (D:2)
  A dart slug (D:2)
  A ribbon worm (D:2)
  4 orcs (D:3)
  10 endoplasms
  8 giant cockroaches
  3 hobgoblins
  8 kobolds
  3 quokkas
  9 ball pythons
  6 bats
  3 frilled lizards
  6 goblins
  4 rats
70 creatures vanquished.

Table legend: (Time is in decaauts)
 A = Elapsed time spent in this place.
 B = Non-inter-level travel time spent in this place.
 C = Inter-level travel time spent in this place.
 D = Time resting spent in this place.
 E = Time spent auto-exploring this place.
 F = Levels seen in this place.
 G = Mean time per level.
                   A        B        C        D        E       F      G
               +--------+--------+--------+--------+--------+-----+--------+
         Total |   3490 |   3369 |    121 |    831 |   1627 |   4 |  872.5 |
       Dungeon |   3490 |   3369 |    121 |    831 |   1627 |   4 |  872.5 |
               +--------+--------+--------+--------+--------+-----+--------+

Top non-repeatable levels by time:
     D:2: 1375 daAuts
     D:1: 1139 daAuts
     D:3: 794 daAuts
     D:4: 181 daAuts

Table legend:
 A = Non-vault XP
 B = Vault XP
 C = Vault XP percentage of total XP
 D = Non-vault monster count
 E = Vault monster count
 F = Vault count percentage of total count
                 A         B        C        D         E       F
            +---------+---------+-------+---------+---------+-------
      Total |     146 |      29 |  16.6 |      61 |       9 |  12.9
            +---------+---------+-------+---------+---------+-------
        D:1 |      34 |       3 |   8.1 |      21 |       2 |   8.7
        D:2 |      75 |       2 |   2.6 |      21 |       2 |   8.7
        D:3 |      34 |       0 |   0.0 |      17 |       0 |   0.0
        D:4 |       3 |      24 |  88.9 |       2 |       5 |  71.4
            +---------+---------+-------+---------+---------+-------
